 Dungeon Crawl Stone Soup version 0.19.0 (webtiles) character file.

973 AlphabetPasta the Cleaver (level 8, 0/70 HPs)
             Began as a Hill Orc Monk on Nov 13, 2016.
             Was a Believer of Okawaru.
             Slain by a wight
             ... wielding a +6 short sword of freezing
              (2 damage)
             ... on level 6 of the Dungeon.
             The game lasted 00:19:15 (4972 turns).

AlphabetPasta the Cleaver (Hill Orc Monk)           Turns: 4972, Time: 00:19:15

Health: 0/70       AC: 14    Str: 15    XL:     8   Next: 16%
Magic:  10/10      EV:  4    Int: 10    God:    Okawaru [**....]
Gold:   214        SH:  0    Dex: 14    Spells: 0 memorised, 7 levels left

rFire  . . .     SeeInvis .     a - +1 hand axe
rCold  . . .     Gourm    .     w - +0 plate armour
rNeg   . . .     Faith    .     (no shield)
rPois  .         Spirit   .     (no helmet)
rElec  .         Reflect  .     t - +1 cloak {MR+}
rCorr  .         Harm     .     o - +0 pair of gloves
MR     ++...                    (no boots)
Stlth  ..........               s - amulet of regeneration
                                (no ring)
                                A - ring of protection from magic

@: heavily drained
A: no striking features
a: Heroism, Renounce Religion


You were on level 6 of the Dungeon.
You worshipped Okawaru.
Okawaru was pleased with you.
You were not hungry.

You visited 2 branches of the dungeon, and saw 7 of its levels.

You collected 214 gold pieces.

Inventory:

Hand Weapons
 a - a +1 hand axe (weapon)
Missiles
 g - 59 bolts
Armour
 b - a +0 robe
 f - a +0 chain mail
 o - a +0 pair of gloves (worn)
 t - a +1 cloak of magic resistance (worn)
 w - a +0 plate armour (worn)
Jewellery
 s - an amulet of regeneration (around neck)
 v - an uncursed ring of ice
 A - a ring of protection from magic (left hand)
Wands
 k - a wand of paralysis (9/24)
 B - a wand of confusion (17/48)
Scrolls
 l - 2 scrolls of blinking
 p - a scroll of remove curse
 q - a scroll of teleportation
 y - a scroll of enchant armour
Potions
 e - 2 potions of curing
 h - 3 potions of cancellation
 i - a potion of berserk rage
 j - a potion of ambrosia
 m - 2 potions of magic
 n - a potion of haste
 r - 2 potions of cure mutation
 u - a potion of resistance
Comestibles
 c - 6 bread rations
 d - 3 slices of pizza
 x - 4 chunks of flesh
 z - a meat ration


   Skills:
 + Level 5.7(3.7) Fighting
 * Level 8.5(6.4) Axes
 + Level 4.0(2.2) Armour
 + Level 3.2(1.4) Dodging
 - Level 1.5(0.0) Stealth
 + Level 2.1(0.3) Invocations
 - Level 3.0(1.1) Evocations


You had 7 spell levels left.
You didn't know any spells.

Dungeon Overview and Level Annotations

Branches:
Dungeon (6/15)             Temple (1/1) D:4

Altars:
Ashenzari
Cheibriados
Dithmenos
Elyvilon
Fedhas
Gozag
Hepliaklqana
Kikubaaqudgha
Makhleb
Nemelex Xobeh
Okawaru
Qazlal
Ru
Sif Muna
Trog
Uskayaw
Vehumet
Xom
Yredelemnul
Zin
The Shining One


Message History

* * * LOW HITPOINT WARNING * * *
You fail to use your ability.
The wight hits you with a halberd.
* * * LOW HITPOINT WARNING * * *
The wight hits you with a short sword of freezing.
* * * LOW HITPOINT WARNING * * *
The wight freezes you.
* * * LOW HITPOINT WARNING * * *
You hit the wight.
The wight is severely damaged.
You hit the wight but do no damage. The wight hits you with a halberd.
* * * LOW HITPOINT WARNING * * *
The wight hits you with a short sword of freezing.
* * * LOW HITPOINT WARNING * * *
The wight freezes you.
* * * LOW HITPOINT WARNING * * *
The wight hits you but does no damage.
The wight hits you with a short sword of freezing!
* * * LOW HITPOINT WARNING * * *
You feel drained. The wight freezes you.
You die...

..........##.#
####......##.#
##+######.# #.# # #.# .#
#.#######.# #
#.##......#...
#.##.)z.....# #.##.@.z.#
#.##.#<)....#
#.##.######## #######
#........... ......#
##..#.######### #
#####.#####.#...#.......#
# #.#.....#.###.#####.# #
#####....##.#.# #.# #.#
......#.....#.# #.# #.#


You could see 2 wights.

Vanquished Creatures
  2 phantoms (D:5)
  A necrophage (D:5)
  Blork the orc (D:6)
  A scorpion (D:5)
  A howler monkey (D:5)
  3 wights (D:6)
  2 crimson imps
  A hound (D:4)
  An orc wizard (D:3)
  An iguana (D:6)
  3 worker ants
  A hound skeleton (D:4)
  A howler monkey zombie (D:6)
  8 adders
  A shadow imp (D:6)
  2 oozes
  5 worms
  A dart slug (D:1)
  5 leopard geckos
  5 orcs
  10 goblins
  4 hobgoblins
  10 jackals
  3 quokkas
  4 bats
  2 frilled lizards
  7 kobolds
  11 rats
97 creatures vanquished.

Notes
Turn   | Place    | Note
-------+----------+-------------------------------------------
     0 | D:1      | AlphabetPasta the Hill Orc Monk began the quest for the Orb.
     0 | D:1      | Reached XP level 1. HP: 19/19 MP: 1/1
    86 | D:1      | Reached XP level 2. HP: 26/27 MP: 2/2
   283 | D:1      | Reached skill level 1 in Armour
   348 | D:1      | Reached XP level 3. HP: 32/33 MP: 3/3
   700 | D:2      | Reached skill level 5 in Axes
  1025 | D:2      | Found an ancient bone altar of Kikubaaqudgha.
  1092 | D:2      | Found a shimmering altar of Xom.
  1486 | D:3      | Reached XP level 4. HP: 29/40 MP: 4/4
  1951 | D:3      | Reached skill level 1 in Evocations
  2125 | D:3      | Reached XP level 5. HP: 27/46 MP: 6/6
  2481 | D:4      | Reached skill level 6 in Axes
  2715 | D:4      | Reached XP level 6. HP: 47/53 MP: 7/7
  2906 | D:4      | Found a staircase to the Ecumenical Temple.
  2915 | Temple   | Entered the Ecumenical Temple
  3159 | D:5      | Entered Level 5 of the Dungeon
  3200 | D:5      | Noticed a necrophage
  3223 | D:5      | Killed a necrophage
  3223 | D:5      | Reached skill level 5 in Fighting
  3223 | D:5      | Reached skill level 7 in Axes
  3234 | D:5      | Reached XP level 7. HP: 38/58 MP: 8/8
  4252 | D:6      | Found a snail-covered altar of Cheibriados.
  4254 | D:6      | Found a white marble altar of Elyvilon.
  4259 | D:6      | Found an iron altar of Okawaru.
  4259 | D:6      | Found a stormy altar of Qazlal.
  4269 | D:6      | Became a worshipper of Warmaster Okawaru
  4269 | D:6      | Reached * piety under Okawaru
  4269 | D:6      | Reached ** piety under Okawaru
  4455 | D:6      | Noticed Blork the orc
  4471 | D:6      | Killed Blork the orc
  4624 | D:6      | Reached skill level 8 in Axes
  4679 | D:6      | Reached skill level 1 in Invocations
  4732 | D:5      | Found a radiant altar of Vehumet.
  4814 | D:6      | Reached XP level 8. HP: 68/69 MP: 10/10
  4847 | D:6      | Found a bloodstained altar of Trog.
  4972 | D:6      | HP: 2/70 [wight/short sword of freezing (8)]
  4972 | D:6      | Slain by a wight

Skill      XL: |  1  2  3  4  5  6  7  8 |
---------------+-------------------------+-----
Armour         | 1 2 3 4 |  4.0
Axes           | 5 6 7 8 |  8.5
Fighting       | 4 5 |  5.7
Evocations     | 1 2 3 |  3.0
Dodging        | 3 |  3.2
Invocations    | 1 2 |  2.1
Stealth        | |  1.5

Action                   |  1- 3 |  4- 6 |  7- 9 || total
-------------------------+-------+-------+-------++-------
Melee: Hand axe          |   136 |   217 |   209 ||   562
       Punch             |       |       |     1 ||     1
Invok: Heroism           |       |       |     2 ||     2
  Use: Scroll            |    10 |     6 |     4 ||    20
       Potion            |       |       |     1 ||     1
  Eat: Chunk             |     2 |     5 |     4 ||    11
       Pizza             |       |       |     2 ||     2
Armor: Chain mail        |    55 |   120 |    30 ||   205
       Plate armour      |       |       |    91 ||    91
Dodge: Dodged            |    33 |    58 |    66 ||   157
